cohdb
Replays
Latest Replays
All Replays
Popular Replays
Top Player Replays
Match Explorer
How It Works
Community
CoH3 Stats
Reddit
Sign in to upload your games and track your stats! →
Sign in with Steam
Match 40518872
Unlisted
Match 40518872
Overview
Messages
Build Orders
End
Kradschützen Motorcycle Team
Selects Italian Combined Arms Battlegroup
Selects Bersaglieri Squad
Bersaglieri Squad
Bersaglieri Squad
Panzerpioneer Squad
Bersaglieri Squad
Construct Light Support Kompanie
Selects Bersaglieri Bolster
Construct Mechanized Kompanie
8 Rad Armored Car
Vehicle Survival Package
2.5-tonne Medical Truck
Selects Breda Model 30 Light Machine Guns
8 Rad Armored Car
Veteran Squad Leaders
桂妮薇尔
AI-Noob
Sierra39
Mistmoon
0
0
Comments
sign in to comment!
No comments posted yet!